 Dungeon Crawl Stone Soup version 0.26-b1-32-g5d43845318 (webtiles) character file.

Game seed: 1231783461802596730

760 Dracia the Skirmisher (level 7, -4/56 HPs)
             Began as a Demonspawn Gladiator on Jan 13, 2021.
             Killed by nerve-wracking pain
             ... invoked by Menkaure
              (5 damage)
             ... on level 5 of the Dungeon.
             The game lasted 00:07:49 (5580 turns).

Dracia the Skirmisher (Demonspawn Gladiator)        Turns: 5580, Time: 00:07:50

Health: -4/56      AC:  9    Str: 16 (17) XL:     7   Next: 50%
Magic:  0/7        EV: 14    Int: 13 (15) God:
Gold:   216        SH:  0    Dex: 14      Spells: 6/6 levels left

rFire    . . .     SeeInvis .   a - +1 quarterstaff
rCold    . . .     Faith    .   (shield currently unavailable)
rNeg     . . .     Spirit   +   b - +0 leather armour
rPois    .         Reflect  .   (helmet restricted)
rElec    .         Harm     .   g - +1 cloak
rCorr    .         Rampage  .   j - +2 pair of gloves
Will     .....                  (no boots)
Stlth    +.........             G - amulet of guardian spirit
HPRegen  0.18/turn              I - +6 ring of intelligence
MPRegen  0.10/turn              (no ring)

@: no status effects
A: horns 2, powered by pain 1, sharp scales 1
a: no special abilities


You were on level 5 of the Dungeon.
You visited 1 branch of the dungeon, and saw 5 of its levels.

You collected 216 gold pieces.


Innate Abilities, Weirdness & Mutations

You have a pair of horns on your head.
You sometimes gain a little power by taking damage.
You are partially covered in razor-sharp scales. (AC +1, Slay +1)


   Skills:
 + Level 5.1 Fighting
 - Level 2.6 Staves
 - Level 1.7 Throwing
 + Level 4.2 Armour
 + Level 5.1 Dodging


You had 6 spell levels left.
You didn't know any spells.
Your spell library was empty.

Inventory:

Hand Weapons
 a - a +1 quarterstaff (weapon)
Missiles
 d - 2 throwing nets (quivered) {=f=f}
 l - 15 poisoned darts
Armour
 b - a +0 leather armour (worn)
 c - a +0 helmet
 g - a +1 cloak (worn)
 j - a +2 pair of gloves (worn)
 q - a +0 pair of boots
Jewellery
 G - an amulet of guardian spirit (around neck)
 I - a +6 ring of intelligence (left hand)
Wands
 p - a wand of flame (13)
 t - a wand of digging (4)
Scrolls
 e - 2 scrolls of teleportation {@r4@r4}
 i - a scroll of blinking {unknown}
 k - 3 scrolls of amnesia
 m - 4 scrolls of identify {@r1@r1}
 n - 4 scrolls of magic mapping
 o - a scroll of fear
 r - a scroll of fog
 u - a scroll of remove curse {@r2@r2}
Potions
 f - a potion of curing {@q1@q1}
 h - 2 potions of flight
 s - 2 potions of lignification {unknown}

Dungeon Overview and Level Annotations

Branches:
Dungeon (5/15)             Temple (0/1) D:5

Altars:
Dithmenos
Hepliaklqana
Nemelex Xobeh
Wu Jian
Xom
Zin

Annotations:
D:5 Menkaure

###..# #)#####.#.#
.....# #.......#.#
.....###.#####.#.#
...............#.####
....................#
........#......#.##.#
........#........##.#
............#..#$...#
..........###..#@####
................M#
###..............#
..................
#########.........
...!$()?#.#.#......
#########.....#..#.
○○○○○...#.....#..#.#
######


You could see Menkaure (fast).


Message History

Menkaure is heavily damaged.
Menkaure gestures wildly while chanting.
Menkaure seems to speed up.
You barely miss Menkaure.
Menkaure is heavily damaged.
Menkaure hits you!
* * * LOW HITPOINT WARNING * * *
You closely miss Menkaure.
Menkaure is heavily damaged.
Menkaure calls on the powers of darkness!
Your body is wracked with pain!
* * * LOW HITPOINT WARNING * * *
Menkaure calls on the powers of darkness!
Your body is wracked with pain!
* * * LOW HITPOINT WARNING * * *
You barely miss Menkaure.
Menkaure is heavily damaged.
Menkaure closely misses you.
You sock Menkaure!
Menkaure is severely damaged.
Menkaure hits you.
* * * LOW HITPOINT WARNING * * *
You closely miss Menkaure.
Menkaure is severely damaged.
Menkaure points at you and mumbles some strange words.
Pain shoots through your body!
* * * LOW HITPOINT WARNING * * *
Menkaure gestures at you while chanting.
Pain shoots through your body!
You die...

Skill      XL: |  1  2  3  4  5  6  7 |
---------------+----------------------+-----
Dodging        | 3 4 5 |  5.1
Armour         | 1 2 3 4 |  4.2
Fighting       | 3 4 5 |  5.1
Staves         | |  2.6
Throwing       | |  1.7

Action                   |  1- 3 |  4- 6 |  7- 9 || total
-------------------------+-------+-------+-------++-------
Melee: Quarterstaff      |   119 |   198 |    42 ||   359
       Headbutt          |       |    24 |     8 ||    32
Throw: Throwing net      |     1 |     1 |       ||     2
  Use: Scroll            |     8 |     3 |       ||    11
       Potion            |     3 |     1 |       ||     4
 Stab: Sleeping          |       |     1 |       ||     1
Armor: Leather armour    |    58 |    91 |    41 ||   190
Dodge: Dodged            |   112 |   175 |    50 ||   337

Levels and vault maps discovered:
D:1:      minmay_arrival_three_doors, layout_basic
D:2:      layout_loops_ring, pdpol_wu_jian_five_deadly_venoms
D:3:      layout_loops_ring, nicolae_overflow_crystal_walls, uniq_robin
D:4:      kennysheep_goblin_castle, layout_cave_pods,
          grunt_temple_overflow_order_and_chaos_1,
          nemelex_xobeh_ov_fountains_minmay, nzn_hepliaklqana_mist_gate,
          minmay_ruptured
D:5:      lemuel_ice_spiral_2, layout_basic, minmay_temple_entry_purple_smoke,
          uniq_eustachio, uniq_menkaure, uniq_grinder

Notes
Turn   | Place    | Note
-------+----------+-------------------------------------------
     0 | D:1      | Dracia the Demonspawn Gladiator began the quest for the
                  | Orb.
     0 | D:1      | Reached XP level 1. HP: 16/16 MP: 1/1
   126 | D:1      | You fall into a shaft and drop 1 floor!
   198 | D:2      | Gained mutation: You sometimes gain a little power by
                  | taking damage. [demonic ancestry]
   198 | D:2      | Reached XP level 2. HP: 22/22 MP: 2/2
   549 | D:1      | Reached skill level 3 in Dodging
   557 | D:1      | Reached skill level 1 in Armour
  1246 | D:2      | Gained mutation: You are partially covered in razor-sharp
                  | scales. (AC +1, Slay +1) [demonic ancestry]
  1246 | D:2      | Reached XP level 3. HP: 9/28 MP: 3/3
  2040 | D:2      | Found an ornate altar of the Wu Jian Council.
  2165 | D:3      | Reached XP level 4. HP: 34/34 MP: 4/4
  2171 | D:3      | Found a shadowy altar of Dithmenos.
  2177 | D:3      | Reached skill level 3 in Fighting
  2205 | D:3      | Noticed Robin
  2224 | D:3      | Killed Robin
  2232 | D:3      | Reached skill level 2 in Armour
  2816 | D:3      | Noticed a centaur
  2828 | D:3      | Killed a centaur
  2829 | D:3      | Reached skill level 4 in Dodging
  2829 | D:3      | Gained mutation: You have a pair of small horns on your
                  | head. [demonic ancestry]
  2829 | D:3      | Reached XP level 5. HP: 29/42 MP: 5/5
  3226 | D:4      | Found a glowing silver altar of Zin.
  3226 | D:4      | Noticed an angel
  3228 | D:4      | Found a shimmering altar of Xom.
  3371 | D:4      | Reached skill level 4 in Fighting
  3371 | D:4      | Reached skill level 3 in Armour
  3371 | D:4      | Reached XP level 6. HP: 36/48 MP: 6/6
  3874 | D:4      | Found a hazy altar of Hepliaklqana.
  4129 | D:4      | Found a sparkling altar of Nemelex Xobeh.
  4525 | D:4      | Noticed Ijyb
  4544 | D:4      | Killed Ijyb
  5076 | D:5      | Entered Level 5 of the Dungeon
  5127 | D:5      | Gained mutation: You have a pair of horns on your head.
                  | [demonic ancestry]
  5127 | D:5      | Reached XP level 7. HP: 54/55 MP: 7/7
  5202 | D:5      | Found a staircase to the Ecumenical Temple.
  5266 | D:5      | Noticed Eustachio
  5293 | D:5      | Killed Eustachio
  5294 | D:5      | Reached skill level 5 in Fighting
  5294 | D:5      | Reached skill level 4 in Armour
  5294 | D:5      | Reached skill level 5 in Dodging
  5570 | D:5      | Noticed Menkaure
  5579 | D:5      | HP: 4/56 [Menkaure (4)]
  5580 | D:5      | HP: 1/56 [Menkaure/nerve-wracking pain (3)]
  5580 | D:5      | Killed from afar by Menkaure

Vanquished Creatures
  Eustachio (D:5)
  A centaur (D:3)
  2 scorpions
  A bullfrog zombie (D:5)
  A hound (D:5)
  An orc priest (D:4)
  Ijyb (D:4)
  An iguana (D:5)
  4 worker ants (D:4)
  Robin (D:3)
  8 adders
  4 worms
  A dart slug (D:2)
  A leopard gecko (D:4)
  11 orcs
  A ball python (D:5)
  8 bats
  6 giant cockroaches
  16 goblins
  8 hobgoblins
  15 jackals
  4 kobolds
  2 quokkas (D:3)
  8 frilled lizards
  5 rats
112 creatures vanquished.

Table legend: (Time is in decaauts)
 A = Elapsed time spent in this place.
 B = Non-inter-level travel time spent in this place.
 C = Inter-level travel time spent in this place.
 D = Time resting spent in this place.
 E = Time spent auto-exploring this place.
 F = Levels seen in this place.
 G = Mean time per level.
                   A        B        C        D        E       F      G
               +--------+--------+--------+--------+--------+-----+--------+
         Total |   5620 |   5501 |    119 |    730 |   3919 |   5 | 1124.0 |
       Dungeon |   5620 |   5501 |    119 |    730 |   3919 |   5 | 1124.0 |
               +--------+--------+--------+--------+--------+-----+--------+

Top non-repeatable levels by time:
     D:4: 1669 daAuts
     D:3: 1340 daAuts
     D:2: 1131 daAuts
     D:1: 967 daAuts
     D:5: 511 daAuts

Table legend:
 A = Non-vault XP
 B = Vault XP
 C = Vault XP percentage of total XP
 D = Non-vault monster count
 E = Vault monster count
 F = Vault count percentage of total count
                 A         B        C        D         E       F
            +---------+---------+-------+---------+---------+-------
      Total |     802 |     284 |  26.2 |      92 |      20 |  17.9
            +---------+---------+-------+---------+---------+-------
        D:1 |      22 |       0 |   0.0 |      13 |       0 |   0.0
        D:2 |      54 |       0 |   0.0 |      22 |       0 |   0.0
        D:3 |     235 |      26 |  10.0 |      34 |       7 |  17.1
        D:4 |     289 |      61 |  17.4 |      14 |      12 |  46.2
        D:5 |     202 |     197 |  49.4 |       9 |       1 |  10.0
            +---------+---------+-------+---------+---------+-------
